 Dungeon Crawl Stone Soup version 0.29.1-2-gbd0b4ee654 (webtiles) character file.

Game seed: 2360794659166573081

2 GorkyZ the Gusty (level 1, -2/10 HPs)
             Began as a Gargoyle Air Elementalist on Nov 24, 2022.
             Slain by a quokka (3 damage)
             ... on level 1 of the Dungeon.
             The game lasted 00:00:32 (125 turns).

GorkyZ the Gusty (Gargoyle Air Elementalist)         Turns: 125, Time: 00:00:32

Health: -2/10      AC:  4    Str: 11    XL:     1   Next: 40%
Magic:  1/3        EV: 12    Int: 15    God:
Gold:   0          SH:  0    Dex: 10    Spells: 3/4 levels left

rFire   . . .      SeeInvis .   (no weapon)
rCold   . . .      Faith    .   (no shield)
rNeg    + . .      Spirit   .   a - +0 robe
rPois   ∞          Reflect  .   (no helmet)
rElec   +          Harm     .   (no cloak)
rCorr   .          Rampage  .   (no gloves)
Will    .....                   (no boots)
Stlth   ++........              (no amulet)
HPRegen 0.03/turn               (no ring)
MPRegen 0.08/turn               (no ring)

@: no status effects
A: sickness immunity, AC +2, negative energy resistance 1, electricity
resistance, torment resistance 1, petrification resistance
a: no special abilities


You were on level 1 of the Dungeon.
You visited 1 branch of the dungeon, and saw 1 of its levels.

Inventory:

Hand Weapons
 c - a +0 club
Armour
 a - a +0 robe (worn)
Potions
 b - 2 potions of magic


   Skills:
 + Level 1.6 Dodging
 + Level 2.2 Stealth
 + Level 2.0 Spellcasting
 + Level 1.2 Conjurations
 + Level 2.4 Air Magic


You had 3 spell levels left.
You knew the following spells:

 Your Spells              Type           Power      Damage    Failure   Level
a - Shock                 Conj/Air       28%        1d4       11%         1

Your spell library contained the following spells:

 Spells                   Type           Power      Damage    Failure   Level
 Static Discharge         Conj/Air       7%         3-4/arc   16%         2
 Swiftness                Air            8%         N/A       24%         3
 Airstrike                Air            4%         2d(1-17)  63%         4


Dungeon Overview and Level Annotations

Branches:
Dungeon (1/15)

Altars:


Innate Abilities, Weirdness & Mutations

You are immune to sickness and miasma.
Your stone body is resilient. (AC +2)
You are immune to poison.
You resist negative energy. (rN+)
You are resistant to electric shocks. (rElec)
You are resistant to unholy torment.
You are immune to petrification.


Message History

Found a potion of magic.
The zap hits the quokka.
The quokka is heavily wounded.
The zap hits the quokka.
You kill the quokka!
b - 2 potions of magic (gained 1)
A quokka comes into view.
The zap hits the quokka.
The quokka is lightly wounded.
The zap misses the quokka.
The zap misses the quokka.
You are out of magic!
The quokka attacks as you move away!
The quokka bites you but does no damage.
The quokka closely misses you. The quokka attacks as you move away!
The quokka closely misses you. The quokka attacks as you move away!
The quokka bites you but does no damage.
The quokka attacks as you move away! The quokka closely misses you.
The quokka attacks as you move away! The quokka bites you.
The quokka closely misses you.
The quokka bites you but does no damage.
The zap hits the quokka.
The quokka is moderately wounded.
The quokka closely misses you.
You closely miss the quokka.
The quokka is moderately wounded.
The quokka closely misses you.
You closely miss the quokka.
The quokka is moderately wounded.
The quokka bites you. The quokka bites you.
* * * LOW HITPOINT WARNING * * *
The quokka attacks as you move away! The quokka misses you.
You see here a +0 club.
c - a +0 club The quokka twitches its whiskers.
The quokka closely misses you. The quokka bites you.
You die...

#.###.##### #.#....#
#.........# #.#..#.#
##.#..##..# #. #...#
#.#..##..# #?###..#
#.#...#..# #......#
#.#.#.#..########
#####.##
#.#....[.#......#######.#
#.......##.###..........#
#####....@r.....#########
######.####.# #.####.#
#......# ########


You could see a quokka.

Vanquished Creatures
  A goblin (D:1)
  A quokka (D:1)
2 creatures vanquished.

Notes
Turn   | Place    | Note
-------+----------+-------------------------------------------
     0 | D:1      | GorkyZ the Gargoyle Air Elementalist began the quest for
                  | the Orb.
     0 | D:1      | Reached XP level 1. HP: 10/10 MP: 3/3
   125 | D:1      | Slain by a quokka

Illustrated notes

Levels and vault maps discovered:
D:1:      amcnicky_arrival_blooded_trapdoor, layout_loops_cross,
          minmay_misc_feat_enclosed, minmay_small_reverse_x

Action                   || total
-------------------------++-------
Melee: Unarmed           ||     2
 Cast: Shock             ||     7
Armor: Robe              ||     3
Dodge: Dodged            ||     8
